 Dungeon Crawl Stone Soup version 0.30-a0-1102-g2dbb833546 (webtiles) character file.

Game seed: 6167572243635684377

33 CryoSword the Caller (level 3, -3/28 HPs)
             Began as a Demigod Summoner on Apr 18, 2023.
             Slain by a gnoll
             ... wielding a +0 club
              (4 damage)
             ... on level 2 of the Dungeon.
             The game lasted 00:01:52 (1139 turns).

CryoSword the Caller (Demigod Summoner)             Turns: 1139, Time: 00:01:52

Health: -3/28      AC:  2    Str: 13    XL:     3   Next: 0%
Magic:  5/8        EV: 12    Int: 17    God:
Gold:   62         SH:  0    Dex: 14    Spells: 3/6 levels left

rFire   . . .      SeeInvis .    e - +2 dagger (heavy)
rCold   . . .      Faith    .    (no shield)
rNeg    . . .      Spirit   .    a - +0 robe
rPois   .          Reflect  .    (no helmet)
rElec   .          Rampage  .    (no cloak)
rCorr   .                        (no gloves)
Will    .....                    (no boots)
Stlth   ++                       (no amulet)
HPRegen 0.24/turn                (no ring)
MPRegen 0.11/turn                (no ring)

@: no status effects
A: high MP 1, forlorn, divine attributes
a: no special abilities


You were on level 2 of the Dungeon.
You visited 1 branch of the dungeon, and saw 2 of its levels.

You collected 62 gold pieces.

Inventory:

Hand Weapons
 e - a +2 heavy dagger (weapon)
   (You took it off a goblin on level 1 of the Dungeon)
Armour
 a - a +0 robe (worn)
Potions
 b - a potion of magic
 c - 2 potions of curing {unknown}
 d - a potion of berserk rage {unknown}
 g - a potion of flight {unknown}


   Skills:
 * Level 1.3 Fighting
 - Level 0.1 Axes
 - Level 2.0 Dodging
 + Level 2.2 Stealth
 - Level 2.0 Spellcasting
 + Level 3.8 Summonings


You had 3 spell levels left.
You knew the following spells:

 Your Spells              Type           Power      Damage    Failure   Level
a - Summon Small Mammal   Summ           56%        N/A       4%          1
b - Call Imp              Summ           28%        N/A       6%          2

Your spell library contained the following spells:

 Spells                   Type           Power      Damage    Failure   Level
 Call Canine Familiar     Summ           14%        N/A       12%         3
 Apportation              Tloc           2%         N/A       19%         1
 Freeze                   Ice            4%         1d3       19%         1
 Necrotise                Necr           4%         1d4       19%         1
 Summon Guardian Golem    Hex/Summ       8%         N/A       26%         3
 Frozen Ramparts          Ice            2%         1d1       50%         3
 Hailstorm                Conj/Ice       1%         3d3       50%         3
 Summon Lightning Spire   Summ/Air       8%         N/A       65%         4


Dungeon Overview and Level Annotations

Branches:
Dungeon (2/15)


Innate Abilities, Weirdness & Mutations

You have an increased reservoir of magic. (+10% MP)
You shall have no god before yourself.
Your divine heritage dramatically boosts your attributes as you level up.


Message History

The worm closely misses your quokka.
Your bat hits the jackal but does no damage.
There is a stone staircase leading up here.
Your bat hits the jackal. x2
The jackal dies!
The dart slug barely misses your quokka.
The hobgoblin hits you.
* * * LOW HITPOINT WARNING * * *
You climb upwards.
Your summoned ally is left behind.
There is a stone staircase leading down here.
You hit the hobgoblin but do no damage.
The hobgoblin is poisoned.
The hobgoblin hits you but does no damage.
The hobgoblin hits you but does no damage.
The hobgoblin hits you but does no damage.
The hobgoblin attacks as you move away! The hobgoblin barely misses you.
Your bat closely misses the hobgoblin.
The hobgoblin barely misses your bat.
Your bat hits the hobgoblin but does no damage.
Your bat hits the hobgoblin but does no damage. x2
Your bat hits the hobgoblin but does no damage.
Your bat closely misses the hobgoblin.
Your bat barely misses the hobgoblin.
You kill the hobgoblin!
Training target 2.0 for Spellcasting reached!
Your Spellcasting skill increases to level 2!
The floor.
You swap places.
Your bat disappears in a puff of smoke!
There is a stone staircase leading down here.
Memorise Call Imp, consuming 2 spell levels and leaving 2?
You start memorising the spell.
You continue memorising. x2
You finish memorising.
Spell assigned to 'b'.
You climb downwards.
There is a stone staircase leading up here.
A tiny devil pulls itself out of the air.
Your cerulean imp hits the frilled lizard but does no damage.
You closely miss the frilled lizard.
Your bat closely misses the frilled lizard.
The frilled lizard bites you but does no damage.
Your quokka misses the frilled lizard.
Your cerulean imp hits the frilled lizard from afar with a -3 spear.
The frilled lizard dies!
Your Fighting skill increases to level 1!
Your bat hits the rat.
Your bat completely misses the rat.
You see here a frilled lizard corpse.
You hit the rat.
You kill the rat!
No target in view!
No target in view!
Your bat disappears in a puff of smoke!
Your cerulean imp disappears in a puff of smoke!
Your quokka disappears in a puff of smoke!
A dart slug comes into view.
A dart slug is nearby!
A dart slug is nearby!
A dart slug is nearby!
A tiny devil pulls itself out of the air.
A gnoll comes into view. It is wielding a +0 flail.
A gnoll comes into view. It is wielding a +0 club.
The dart slug barely misses you.
The gnoll moves out of view.
You hit the dart slug.
Your cerulean imp hits the dart slug from afar with a -2 spear.
You strike the helpless dart slug from behind!
You hit the dart slug.
You kill the dart slug!
Your cerulean imp closely misses the gnoll.
The gnoll hits you with a +0 flail.
A gnoll comes into view. It is wielding a +0 spear.
The gnoll shouts!
You hit the gnoll but do no damage.
The gnoll is poisoned.
Your cerulean imp hits the gnoll but does no damage.
The gnoll hits you with a +0 flail!
* * * LOW HITPOINT WARNING * * *
You are too injured to fight recklessly!
You swap places.
Your cerulean imp barely misses the gnoll.
The gnoll barely misses your cerulean imp.
Your cerulean imp hits the gnoll but does no damage.
The gnoll hits your cerulean imp with a +0 flail.
Your cerulean imp hits the gnoll but does no damage.
The gnoll barely misses your cerulean imp.
Your cerulean imp closely misses the gnoll.
The gnoll misses your cerulean imp.
Your cerulean imp closely misses the gnoll.
Something barely misses your cerulean imp.
Your cerulean imp barely misses the gnoll.
You see here a frilled lizard corpse.
The gnoll hits your cerulean imp with a +0 flail!
Your cerulean imp barely misses the gnoll.
There is a stone staircase leading up here.
The gnoll closely misses your cerulean imp.
Your cerulean imp hits the gnoll with a -2 spear.
The gnoll dies!
You have reached level 3!
Your experience leads to a dramatic increase in your attributes!
Increase (S)trength, (I)ntelligence, or (D)exterity?
You feel stronger. x4
The gnoll hits you but does no damage.
Your quokka barely misses the gnoll.
Your cerulean imp hits the gnoll from afar with a -2 spear.
Your rat bites the gnoll but does no damage.
The gnoll hits you from afar with a +0 spear.
* * * LOW HITPOINT WARNING * * *
Your quokka bites the gnoll but does no damage.
Your cerulean imp closely misses the gnoll.
Your rat bites the gnoll.
Your quokka closely misses the gnoll.
The gnoll hits your quokka with a +0 spear.
Your cerulean imp hits the gnoll from afar with a -2 spear.
Your rat barely misses the gnoll.
Your quokka barely misses the gnoll.
The gnoll hits your rat with a +0 spear.
Your rat dies!
Your rat's corpse disappears in a puff of smoke!
Your quokka closely misses the gnoll.
The gnoll hits your quokka with a +0 spear.
Your quokka dies!
Your quokka's corpse disappears in a puff of smoke!
Your cerulean imp closely misses the gnoll.
Something hits your cerulean imp.
A gnoll comes into view. It is wielding a +0 club.
Your cerulean imp hits the gnoll but does no damage.
Something hits your cerulean imp.
Your rat completely misses the gnoll.
Your cerulean imp hits the gnoll but does no damage.
Your quokka bites the gnoll.
A kobold comes into view. It is wielding a +0 short sword.
The gnoll hits your cerulean imp but does no damage.
Something barely misses your cerulean imp.
The gnoll closely misses your cerulean imp.
Your cerulean imp barely misses the gnoll.
The gnoll hits your cerulean imp from afar with a +0 spear.
Your cerulean imp dies!
Your cerulean imp disappears in a puff of smoke!
Your rat bites the gnoll.
The gnoll closely misses your rat.
Your rat closely misses the gnoll.
You closely miss the gnoll. The gnoll hits you with a +0 club!
* * * LOW HITPOINT WARNING * * *
You barely miss the gnoll. The kobold hits you but does no damage.
The gnoll hits you with a +0 club.
* * * LOW HITPOINT WARNING * * *
As you read the scroll labelled HIOSMA BISECO, it crumbles to dust.
It is a scroll of brand weapon.
Your +2 dagger of venom becomes incredibly heavy!
e - a +2 heavy dagger (weapon)
The kobold hits you with a +0 short sword.
* * * LOW HITPOINT WARNING * * *
The gnoll barely misses you.
You hit the gnoll.
The kobold hits you with a +0 short sword.
* * * LOW HITPOINT WARNING * * *
The gnoll hits you with a +0 club.
You die...

... ..# ######## ..#
#......###### <
#####.####......#
#######...#g####..###.#
#.$.......†<§.......#
.####....g.####..#.#.#
###......gg@K......#
#.g....#########...#
#)#.#### ##.# #.#.# .#
#..†...# ####......
#..##### #..# ...#


You could see 3 gnolls and a kobold.

Vanquished Creatures
  A dart slug (D:2)
  2 ball pythons (D:1)
  A goblin (D:1)
  A hobgoblin (D:1)
  A quokka (D:1)
  A rat (D:2)
7 creatures vanquished.

Vanquished Creatures (collateral kills)
  A gnoll (D:2)
  A dart slug (D:1)
  A ball python (D:1)
  2 jackals (D:2)
  A quokka (D:1)
  2 frilled lizards
  2 goblins (D:1)
  2 rats (D:1)
12 creatures vanquished.

Grand Total: 19 creatures vanquished

Notes
Turn   | Place    | Note
-------+----------+-------------------------------------------
     0 | D:1      | CryoSword the Demigod Summoner began the quest for the Orb.
     0 | D:1      | Reached XP level 1. HP: 14/14 MP: 5/5
   669 | D:1      | Reached XP level 2. HP: 18/22 MP: 4/7
  1049 | D:1      | Learned a level 2 spell: Call Imp
  1055 | D:2      | Reached skill level 1 in Fighting
  1118 | D:2      | Reached XP level 3. HP: 13/28 MP: 5/8
  1139 | D:2      | HP: 1/28 [kobold/+0 short sword (2)]
  1139 | D:2      | Slain by a gnoll

Illustrated notes

Levels and vault maps discovered:
D:1:      dpeg_arrival_tiny_a, layout_loops_corners,
          hangedman_decor_clover_reticule
D:2:      layout_loops_cross

Skill      XL: |  1  2 |
---------------+-------+-----
Dodging        | 2 |  2.0
Stealth        | 2 |  2.2
Spellcasting   | 2 |  2.0
Fighting       | 1 |  1.3
Axes           | |  0.1
Summonings     | |  3.8

Action                     || total
---------------------------++-------
  Melee: Unarmed           ||     8
         Hand axe          ||     7
         Dagger            ||    23
   Cast: Summon Small Mamm ||    28
         Call Imp          ||     2
    Use: Scroll            ||     1
   Stab: Distracted        ||     1
 Armour: Robe              ||    15
  Dodge: Dodged            ||    31

Table legend: (Time is in decaauts)
 A = Elapsed time spent in this place.
 B = Non-inter-level travel time spent in this place.
 C = Inter-level travel time spent in this place.
 D = Time resting spent in this place.
 E = Time spent auto-exploring this place.
 F = Levels seen in this place.
 G = Mean time per level.
                   A        B        C        D        E       F      G
               +--------+--------+--------+--------+--------+-----+--------+
         Total |   1139 |   1079 |     60 |      0 |    872 |   2 |  569.5 |
       Dungeon |   1139 |   1079 |     60 |      0 |    872 |   2 |  569.5 |
               +--------+--------+--------+--------+--------+-----+--------+

Top non-repeatable levels by time:
     D:1: 1034 daAuts
     D:2: 105 daAuts
